 Dungeon Crawl Stone Soup version 0.30.1-11-g7821555f0a (webtiles) character file.

Game seed: 7426697897218182929

3841 Wiggles the Cleaver (level 9, -21/81 HPs)
             Began as a Minotaur Berserker on Dec 5, 2023.
             Was an Elder of Trog.
             Demolished by Grum
             ... wielding a -1 glaive
              (27 damage)
             ... on level 8 of the Dungeon.
             The game lasted 00:10:48 (5133 turns).

Wiggles the Cleaver (Minotaur Berserker)            Turns: 5133, Time: 00:10:49

Health: -21/81     AC: 21    Str: 26    XL:     9   Next: 98%
Magic:  0/8        EV:  8    Int:  4    God:    Trog [****..]
Gold:   305        SH:  0    Dex: 10    Spells: 8/8 levels left

rFire   + . .        D - +2 war axe (flame)
rCold   . . .        (no shield)
rNeg    . . .        p - +0 plate armour
rPois   +            b - +0 hat
rElec   .            A - +0 cloak
rCorr   .            t - +1 pair of gloves
SInv    .            w - +2 pair of boots
Will    .....        o - amulet of guardian spirit Stlth
                     v - ring of poison resistance
HPRegen 0.33/turn    C - ring of protection from fire
MPRegen 0.11/turn

%: guardian spirit
@: on berserk cooldown, slowed, studying Staves, very slow
A: horns 2, retaliatory headbutt
a: Renounce Religion, Berserk, Trog's Hand, Brothers in Arms


You were on level 8 of the Dungeon.
You worshipped Trog.
Trog was greatly pleased with you.
You visited 1 branch of the dungeon, and saw 8 of its levels.

You collected 405 gold pieces.
You spent 100 gold pieces at shops.

Inventory:

Hand Weapons
 D - a +2 war axe of flaming (weapon)
 F - a +1 war axe of draining
Missiles
 E - a throwing net (quivered)
Armour
 b - a +0 hat (worn)
 p - a +0 plate armour (worn)
 t - a +1 pair of gloves (worn)
 w - a +2 pair of boots (worn)
 A - a +0 cloak (worn)
Jewellery
 o - an amulet of guardian spirit (around neck)
 v - a ring of poison resistance (left hand)
 C - a ring of protection from fire (right hand)
Wands
 y - a wand of iceblast (10)
 z - a wand of flame (10)
 B - a wand of paralysis (4)
Scrolls
 d - a scroll of fog
 f - a scroll of fear
 j - a scroll of vulnerability
 l - 6 scrolls of teleportation
 s - a scroll of blinking
Potions
 a - a potion of degeneration
 c - 4 potions of lignification
 e - 3 potions of flight
 g - 4 potions of curing
 h - a potion of berserk rage
 i - 3 potions of haste
 k - 2 potions of resistance
 m - 4 potions of mutation
 q - 2 potions of attraction {unknown}
 r - a potion of ambrosia
 u - 2 potions of brilliance
 x - 2 potions of might


   Skills:
 + Level 8.3 Fighting
 + Level 12.8 Axes
 + Level 8.9 Armour
 + Level 3.6 Dodging
 + Level 0.6 Stealth


You had 8 spell levels left.
You didn't know any spells.
Your spell library was empty.

Dungeon Overview and Level Annotations

Branches:
Dungeon (8/15)             Temple (0/1) D:5
   Lair: D:8-11

Altars:
Dithmenos
Kikubaaqudgha
Qazlal
Sif Muna
Xom
Yredelemnul
Zin

Shops:
D:2 !   D:5 =   D:7 =

Annotations:
D:8 Grum


Innate Abilities, Weirdness & Mutations

You have a pair of horns on your head.
You reflexively headbutt those who attack you in melee.


Message History

You slash the wight! You burn the wight. You slash the wight!
You burn the wight.
You destroy the wight!
Trog accepts your kill.
Your black bear bites Grum.
Your black bear claws Grum. x2
The wight hits you from afar with a +0 trident.
You feel drained. The wight hits you but does no damage.
Grum hits your black bear with a -1 glaive!!
Your black bear dies!
Your black bear's corpse disappears in a puff of smoke!
Your life force feels restored.
The wight closely misses you. The wight hits you but does no damage.
Things that are here:
a +0 mace; a +0 chain mail You feel a strong urge to attack something.
You hit the wight. You burn the wight.
You feel the power of Trog in you as your rage grows.
You destroy the wight!
Trog accepts your kill.
You slash the wight! You burn the wight.
You destroy the wight!
Trog accepts your kill.
Grum glances around and shouts, "Rex!
Here boy!"
Grum hits you from afar with a -1 glaive!
* * * LOW HITPOINT WARNING * * *
Things that are here:
a +0 trident; a +0 robe You feel a strong urge to attack something.
Grum hits you but does no damage.
You are no longer berserk.
You are exhausted.
You feel yourself slow down.
Grum hits you from afar with a -1 glaive!
* * * LOW HITPOINT WARNING * * *
Things that are here:
a +0 spear; a +0 robe Grum completely misses you.
Items here: ))) [[ ††.
Grum hits you with a -1 glaive!!
You die...

......#.....
#..........#.....
.................
...........[....
.............# ###
.##...........##....
..:.................
......†.....<.......
.......g@)........##
......))))..........
........).).........
.#..................
..#.................
. #!..#.......##....
...###......## ....
... ##....... .. .#
##.......


You could see Grum (strong).

Vanquished Creatures
  A hornet (D:7)
  A steam dragon (D:6)
  Menkaure (D:5)
  Edmund (D:4)
  2 orc warriors
  2 water moccasins
  Duvessa (D:7)
  4 black bears
  2 ice beasts
  3 ogres (D:5)
  3 centaurs
  A wolf (D:8)
  A bullfrog (D:7)
  2 scorpions
  5 wights (D:8)
  Dowan (D:7)
  A killer bee (D:7)
  3 bullfrog zombies (D:5)
  2 hounds (D:6)
  A jelly (D:3)
  A gnoll bouda (D:7)
  Crazy Yiuf (D:4)
  5 orc priests
  5 iguanas
  Ijyb (D:4)
  7 orc wizards
  3 gnolls (D:6)
  A howler monkey skeleton (D:5)
  6 adders
  2 shadow imps
  An adder zombie (D:5)
  A dart slug (D:2)
  24 orcs
  10 bats
  7 endoplasms
  A giant cockroach (D:2)
  10 goblins
  4 hobgoblins
  2 kobolds
  4 quokkas
  8 ball pythons
  A frilled lizard (D:1)
  8 rats
151 creatures vanquished.

Vanquished Creatures (collateral kills)
  2 wolves (D:8)
  An orc wizard (D:8)
3 creatures vanquished.

Vanquished Creatures (others)
  A wolf (D:8)
1 creature vanquished.

Grand Total: 155 creatures vanquished

Notes
Turn   | Place    | Note
-------+----------+-------------------------------------------
     0 | D:1      | Wiggles the Minotaur Berserker began the quest for the Orb.
     0 | D:1      | Reached XP level 1. HP: 19/19 MP: 0/0
    54 | D:1      | Reached skill level 4 in Axes
   136 | D:1      | Reached XP level 2. HP: 27/27 MP: 1/1
   214 | D:1      | You fall into a shaft and drop 1 floor!
   214 | D:2      | Found a faded altar of an unknown god.
   215 | D:2      | Found Egry's Distillery.
   376 | D:1      | Reached XP level 3. HP: 33/33 MP: 2/2
   400 | D:1      | Reached ** piety under Trog
   563 | D:2      | Bought a potion of heal wounds for 50 gold pieces
   734 | D:2      | Bought a potion of heal wounds for 50 gold pieces
   975 | D:2      | Reached skill level 5 in Axes
  1115 | D:3      | Reached XP level 4. HP: 36/41 MP: 3/3
  1540 | D:3      | Found a stormy altar of Qazlal.
  1597 | D:4      | Noticed a black bear
  1597 | D:4      | Noticed Edmund
  1614 | D:4      | Killed Edmund
  1614 | D:4      | Killed a black bear
  1615 | D:4      | Reached skill level 5 in Fighting
  1615 | D:4      | Reached skill level 6 in Axes
  1615 | D:4      | Reached XP level 5. HP: 11/48 MP: 1/4
  1615 | D:4      | Reached XP level 6. HP: 13/56 MP: 1/5
  1795 | D:4      | Reached *** piety under Trog
  1812 | D:4      | Reached skill level 7 in Axes
  1853 | D:4      | Noticed Ijyb
  1861 | D:4      | Killed Ijyb
  1901 | D:4      | Found a runed translucent door.
  1902 | D:4      | Noticed Crazy Yiuf
  1966 | D:4      | Killed Crazy Yiuf
  1967 | D:4      | Reached skill level 5 in Armour
  1967 | D:4      | Reached XP level 7. HP: 58/61 MP: 4/6
  2124 | D:4      | Noticed a two-headed ogre
  2291 | D:5      | Entered Level 5 of the Dungeon
  2388 | D:5      | Found a staircase to the Ecumenical Temple.
  2412 | D:5      | Found a shadowy altar of Dithmenos.
  2435 | D:5      | Reached skill level 8 in Axes
  2566 | D:5      | Found a shimmering altar of Xom.
  2662 | D:5      | Noticed Menkaure
  2668 | D:5      | Killed Menkaure
  2669 | D:5      | Reached XP level 8. HP: 57/70 MP: 4/7
  2863 | D:5      | Reached skill level 9 in Axes
  2873 | D:5      | Found a basalt altar of Yredelemnul.
  3062 | D:5      | Found a shimmering blue altar of Sif Muna.
  3181 | D:5      | Found Jaibip's Jewellery Emporium.
  3288 | D:6      | Reached skill level 10 in Axes
  3487 | D:6      | Reached XP level 9. HP: 45/78 MP: 5/8
  3763 | D:6      | Reached **** piety under Trog
  4169 | D:7      | Reached skill level 11 in Axes
  4238 | D:7      | Found an ancient bone altar of Kikubaaqudgha.
  4463 | D:7      | Found Ziatuv's Jewellery Shop.
  4483 | D:7      | Noticed Duvessa
  4485 | D:7      | Noticed Dowan
  4495 | D:7      | Killed Duvessa
  4503 | D:7      | Killed Dowan
  4870 | D:7      | Reached skill level 12 in Axes
  4981 | D:7      | Found a glowing silver altar of Zin.
  4982 | D:7      | Noticed an angel
  5103 | D:8      | Noticed Grum
  5133 | D:8      | Demolished by Grum

Illustrated notes

Levels and vault maps discovered:
D:1:      mrwooster_arrival_statue, layout_basic, minmay_pentomino_x4
D:2:      layout_rooms, serial_shops, shop, basic_ecumenical_altar,
          grunt_ministairs_14, corexii_corridor_pit,
          corexii_item_surrounded_by_moat, kennysheep_generic_room_11
D:3:      layout_loops_cross, grunt_qazlal_clouds
D:4:      layout_rooms, lightli_corner_chamber, uniq_edmund,
          uniq_crazy_yiuf_cottage, uniq_ijyb
D:5:      layout_loops_ring, lemuel_blue_sif_altar,
          lemuel_zombie_altar_yredelemnul, xom_butterflies,
          mainiacjoe_overflow_small_starburst, minmay_temple_entry_tees,
          serial_undead, serial_undead_c, serial_undead_c, serial_undead_b,
          serial_undead_e, kennysheep_small_square, uniq_menkaure
D:6:      layout_loops_ring, small_statue_intersection
D:7:      layout_cave_pods, lemuel_round_altar, zin_angel,
          minmay_shop_enchanted_jewellery, minmay_manual_mail, uniq_duvessa
D:8:      layout_cave_pools, enter_bailey_3, uniq_grum

Skill      XL: |  1  2  3  4  5  6  7  8  9 |
---------------+----------------------------+-----
Axes           | 4 5 6 7 8 10 12 | 12.8
Fighting       | 4 5 6 8 |  8.3
Armour         | 4 5 6 7 8 |  8.9
Dodging        | 3 |  3.6
Stealth        | |  0.6

Action                     |  1- 3 |  4- 6 |  7- 9 || total
---------------------------+-------+-------+-------++-------
  Melee: Hand axe          |   101 |    65 |    32 ||   198
         Headbutt          |    11 |    14 |    33 ||    58
         Punch             |       |     1 |     1 ||     2
         War axe           |       |       |   147 ||   147
 Invoke: Berserk           |       |     3 |     3 ||     6
         Brothers in Arms  |       |       |     1 ||     1
    Use: Potion            |       |     1 |     4 ||     5
         Scroll            |       |       |    23 ||    23
 Armour: Troll leather arm |    22 |       |       ||    22
         Animal skin       |     2 |       |       ||     2
         Plate armour      |    18 |    39 |   161 ||   218
  Dodge: Dodged            |    64 |    27 |   104 ||   195
